Workbook

Sheet Exraction
B6: Etat définitif
H8: Feuille de journée | W8: Journée cloturée
K10: 41709
M11: Jour | O11: Mois | U11: Année | AB11: Mois | AH11: Année
E14: Indicateurs
C16: Chambres construites (A) | M16: 148 | O16: 1628 | U16: 10360 | AB16: 1628 | AG16: 10360
C17: dont Chambres Hors service (B) | M17: 2 | O17: 124 | U17: 1259 | AB17: 33 | AG17: 120
C18: dont Offerts Internes (C) | O18: 1 | U18: 2
C19: Chambres louables (A-B) | M19: 146 | O19: 1504 | U19: 9101 | AB19: 1595 | AG19: 10240
C20: Chambres facturées (D) | M20: 144 | O20: 973 | U20: 5236 | AB20: 614 | AG20: 6278
C21: dont Chambres gratuites | O21: 2 | U21: 9 | AG21: 10
C22: dont Day Use | U22: 3 | AB22: 2 | AG22: 6
C23: Taux d'occupation (D/A) | M23: 97,30 % | O23: 59,77 % | U23: 50,54 % | AB23: 37,71 % | AG23: 60,60 %
C24: CA Hébergement TTC (F) | M24: 17387,17 | O24: 97720,80 | U24: 561277,19 | AB24: 50349,35 | AG24: 671117,81
C25: CA Chambres TTC (K) | M25: 17387,17 | O25: 97639,88 | U25: 562163,29 | AB25: 50428,68 | AG25: 671909,98
C26: Prix moyen (F/D) | M26: 120,74 | O26: 100,43 | U26: 107,20 | AB26: 82,00 | AG26: 106,90
C27: REVPAR (F/(A-C)) | M27: 117,48 | O27: 60,06 | U27: 54,19 | AB27: 30,93 | AG27: 64,78
C28: Rack Double | O28: 129,00 | U28: 136,05 | AB28: 123,18 | AG28: 135,70
C29: CA Théorique TTC (I) | O29: 30138,00 | U29: 654141,00 | AB29: 76086,00 | AG29: 899316,00
C30: Taux de discount ((F-I)/I*100) | O30: 224,24 % | U30: -14,20 % | AB30: -33,83 % | AG30: -25,37 %
C31: Nombre d'adultes (G) | M31: 183 | O31: 1353 | U31: 7252 | AB31: 864 | AG31: 8775
C32: dont Nombre d'enfants | M32: 2 | O32: 131 | U32: 569 | AB32: 96 | AG32: 820
C33: Indice de fréquentation (G/D) | M33: 1,27 | O33: 1,39 | U33: 1,39 | AB33: 1,41 | AG33: 1,40
C34: No Show | M34: 3 | O34: 23 | U34: 76 | AB34: 5 | AG34: 88
C35: No Show à traiter | M35: 1 | O35: 31 | U35: 110 | AB35: 9 | AG35: 128
C36: No Show Annulés | M36: 1 | O36: 4 | U36: 14 | AB36: 6 | AG36: 43
C37: PDJ vendus la veille (J-1) | M37: 90 | O37: 611 | U37: 3441 | AB37: 365 | AG37: 4178
C38: Taux de captage PDJ | M38: 55,21 % | O38: 48,15 % | U38: 48,68 % | AB38: 39,29 % | AG38: 48,05 %
E43: Synthèse Chiffre d'affaires
C45: Hébergement | M45: 17387,17 | O45: 97720,80 | U45: 561277,19 | AB45: 50349,35 | AG45: 671117,81
C46: Petits Déjeuners | M46: 1262,00 | O46: 7512,00 | U46: 39707,50 | AB46: 4451,00 | AG46: 50693,00
C47: Restauration
C49: Restaurants et Banquets
C50: Bar | M50: 79,50 | O50: 692,40 | U50: 4841,11 | AB50: 599,90 | AG50: 7800,10
C51: Mini Bar
C53: Distributeurs | M53: 15,00 | O53: 40,00 | U53: 57,40 | AB53: 15,00 | AG53: 6532,58
C54: Restauration Divers
C56: Restauration Divers
C57: En-Cas
C58: Boutique Gourmande | M58: 388,89 | O58: 3339,08 | U58: 18553,54 | AB58: 2140,19 | AG58: 12816,68
C59: Location de Salle
C61: Ventes Diverses | M61: 138,00 | O61: 2453,69 | U61: 13664,35 | AB61: 1120,47 | AG61: 12292,04
C62: No show
C64: Total CA TTC (Excl HC) (E) | M64: 19270,56 | O64: 111757,97 | U64: 638101,09 | AB64: 58675,91 | AG64: 761252,21
C65: REVPAC (E/G) | M65: 105,30 | O65: 82,60 | U65: 87,99 | AB65: 67,91 | AG65: 86,75
C66: Taxes | M66: 281,82 | O66: 2079,00 | U66: 11167,64 | AB66: 1228,11 | AG66: 12439,76
C67: Autres | U67: 20,00
C68: Acomptes
C70: Debours
C71: Pénalités
C72: CA NoShow | M72: 420,75 | O72: 2261,46 | U72: 8067,72 | AB72: 570,58 | AG72: 13391,46
C73: Total Hors CA TTC (HC) | M73: 702,57 | O73: 4340,46 | U73: 19255,36 | AB73: 1798,69 | AG73: 25831,22
E77: Synthèse encaissements
C79: APOL - OGONE | M79: 925,00 | O79: 11845,30 | U79: 65668,70 | AB79: 8215,74 | AG79: 56288,61
C80: Autres | O80: 8492,86 | U80: 57121,06 | AB80: 1693,64 | AG80: 119029,24
C81: Carte | M81: 8302,21 | O81: 58536,18 | U81: 432363,47 | AB81: 45334,97 | AG81: 478580,53
C82: Chèque | M82: 290,00 | O82: 4497,45 | U82: 17034,63 | AB82: 1472,09 | AG82: 11094,97
C83: Débiteurs divers | M83: 225,34 | O83: 15926,20 | U83: 51290,56 | AB83: 16798,19 | AG83: 99985,61
C84: Espèce | M84: 806,11 | O84: 5951,43 | U84: 32313,50 | AB84: 5510,76 | AG84: 37318,23
C85: Remb,Caisse Hotel
C86: Total | M86: 10548,66 | O86: 105249,42 | U86: 655791,92 | AB86: 79025,39 | AG86: 802297,19
C87: Montants transférés en DD | M87: 225,34 | O87: 15926,20 | U87: 51290,56 | AB87: 17549,10 | AG87: 102823,89
C88: Montants DD sur note ouverte
E91: Encaissements
C93: APOL - OGONE
E94: Visa Ogone | M94: 382,40 | O94: 5591,90 | U94: 34063,10 | AB94: 3963,08 | AH94: 29385,35
E96: Diners Ogone | AH96: 83,86
E97: Ogone Eurocard | M97: 315,40 | O97: 3745,90 | U97: 20326,40 | AB97: 2901,35 | AH97: 17878,22
E98: Amex Ogone | M98: 227,20 | O98: 2507,50 | U98: 11279,20 | AB98: 1351,31 | AH98: 8941,18
E99: Autres Comptes Ogone
C100: Sous total APOL - OGONE | M100: 925 | O100: 11845,3 | U100: 65668,7 | AB100: 8215,74 | AH100: 56288,61
C102: Autres
E103: LeClub-A rewards DD2 | AH103: 85,80
E105: LeClub-A rewards DD | O105: 1080,00 | U105: 3960,00 | AB105: 1000,00 | AH105: 4040,00
E106: Virement | O106: 7292,86 | U106: 52667,46 | AB106: 693,64 | AH106: 115612,36
E107: Offert Client | U107: 223,60
E108: LeClub-A Rewards | O108: 120,00 | U108: 320,00
E109: Virement | U109: -50,00 | AH109: -708,92
C110: Sous total Autres | O110: 8492,86 | U110: 57121,06 | AB110: 1693,64 | AH110: 119029,24
C112: Carte
E113: Visa | AH113: 858,56
E115: CB manuelle | M115: 1442,88 | O115: 16279,14 | U115: 154321,36 | AB115: 13320,68 | AH115: 148835,32
E116: Carte Bancaire | M116: 4894,42 | O116: 29700,46 | U116: 181467,42 | AB116: 19604,78 | AH116: 234445,21
E117: American express | M117: 1964,35 | O117: 11733,18 | U117: 78934,41 | AB117: 11559,73 | AH117: 80174,87
E118: Carte Diners club | O118: 0,14 | U118: 39,62 | AH118: 607,44
E119: Japan Credit card
E120: CB DCC | M120: 0,56 | O120: 823,26 | U120: 17600,66 | AB120: 849,78 | AH120: 13659,13
C121: Sous total Carte | M121: 8302,21 | O121: 58536,18 | U121: 432363,47 | AB121: 45334,97 | AH121: 478580,53
C123: Chèque
E124: Chèque Compliment
E126: Eurochèque | AH126: 160,86
E127: Ticket restaurant | U127: 7,62 | AB127: 8,80 | AH127: 32,85
E128: Chèque Cadeau | U128: 100,00 | AH128: 461,00
E129: Chèque client | M129: 90,00 | O129: 2497,45 | U129: 7397,01 | AB129: 153,29 | AH129: 2720,26
E130: Chèque vacances | M130: 200,00 | O130: 2000,00 | U130: 9530,00 | AB130: 1310,00 | AH130: 7720,00
C131: Sous total Chèque | M131: 290 | O131: 4497,45 | U131: 17034,63 | AB131: 1472,09 | AH131: 11094,97
C133: Débiteurs divers
E134: Débiteurs Divers | M134: 225,34 | O134: 15926,20 | U134: 51290,56 | AB134: 16798,19 | AH134: 99985,61
C136: Sous total Débiteurs divers | M136: 225,34 | O136: 15926,2 | U136: 51290,56 | AB136: 16798,19 | AH136: 99985,61
C138: Espèce
...

Sheet alimentation
A1: 41709 | H1: MOIS | I1: =+VLOOKUP(A8,J:M,4,FALSE) -> Mars
H2: JOUR | I2: =+VLOOKUP(A8,J:K,2,FALSE) -> 11
B7: Chambres louables (A-B) | C7: Prix moyen (F/D) | D7: CA Hébergement TTC (F) | E7: Boutique Gourmande | F7: Petits Déjeuners | G7: Bar | H7: ca | J7: 41640 | K7: 1 | L7: =MONTH(J7) -> 1 | M7: =+VLOOKUP(L7,$C$15:$D$26,2,FALSE) -> Janvier
A8: =Exraction!K10 -> 41709 | B8: =+VLOOKUP(B7,Exraction!$C$16:$AE$73,11,FALSE) -> 146 | C8: =+VLOOKUP(C7,Exraction!$C$16:$AE$73,11,FALSE) -> 120,74 | D8: =+VLOOKUP(D7,Exraction!$C$16:$AE$73,11,FALSE) -> 17387,17 | E8: =+VLOOKUP(E7,Exraction!$C$16:$AE$73,11,FALSE) -> 388,89 | F8: =+VLOOKUP(F7,Exraction!$C$16:$AE$73,11,FALSE) -> 1262,00 | G8: =+VLOOKUP(G7,Exraction!$C$16:$AE$73,11,FALSE) -> 79,50 | H8: =E8+F8+G8 -> 1730.39 | J8: 41641 | K8: 2 | L8: =MONTH(J8) -> 1 | M8: =+VLOOKUP(L8,$C$15:$D$26,2,FALSE) -> Janvier
J9: 41642 | K9: 3 | L9: =MONTH(J9) -> 1 | M9: =+VLOOKUP(L9,$C$15:$D$26,2,FALSE) -> Janvier
J10: 41643 | K10: 4 | L10: =MONTH(J10) -> 1 | M10: =+VLOOKUP(L10,$C$15:$D$26,2,FALSE) -> Janvier
J11: 41644 | K11: 5 | L11: =MONTH(J11) -> 1 | M11: =+VLOOKUP(L11,$C$15:$D$26,2,FALSE) -> Janvier
J12: 41645 | K12: 6 | L12: =MONTH(J12) -> 1 | M12: =+VLOOKUP(L12,$C$15:$D$26,2,FALSE) -> Janvier
J13: 41646 | K13: 7 | L13: =MONTH(J13) -> 1 | M13: =+VLOOKUP(L13,$C$15:$D$26,2,FALSE) -> Janvier
J14: 41647 | K14: 8 | L14: =MONTH(J14) -> 1 | M14: =+VLOOKUP(L14,$C$15:$D$26,2,FALSE) -> Janvier
C15: 1 | D15: Janvier | J15: 41648 | K15: 9 | L15: =MONTH(J15) -> 1 | M15: =+VLOOKUP(L15,$C$15:$D$26,2,FALSE) -> Janvier
C16: 2 | D16: Février | J16: 41649 | K16: 10 | L16: =MONTH(J16) -> 1 | M16: =+VLOOKUP(L16,$C$15:$D$26,2,FALSE) -> Janvier
C17: 3 | D17: Mars | J17: 41650 | K17: 11 | L17: =MONTH(J17) -> 1 | M17: =+VLOOKUP(L17,$C$15:$D$26,2,FALSE) -> Janvier
C18: 4 | D18: Avril | J18: 41651 | K18: 12 | L18: =MONTH(J18) -> 1 | M18: =+VLOOKUP(L18,$C$15:$D$26,2,FALSE) -> Janvier
C19: 5 | D19: Mai | J19: 41652 | K19: 13 | L19: =MONTH(J19) -> 1 | M19: =+VLOOKUP(L19,$C$15:$D$26,2,FALSE) -> Janvier
C20: 6 | D20: Juin | J20: 41653 | K20: 14 | L20: =MONTH(J20) -> 1 | M20: =+VLOOKUP(L20,$C$15:$D$26,2,FALSE) -> Janvier
C21: 7 | D21: Juillet | J21: 41654 | K21: 15 | L21: =MONTH(J21) -> 1 | M21: =+VLOOKUP(L21,$C$15:$D$26,2,FALSE) -> Janvier
C22: 8 | D22: Aout | J22: 41655 | K22: 16 | L22: =MONTH(J22) -> 1 | M22: =+VLOOKUP(L22,$C$15:$D$26,2,FALSE) -> Janvier
C23: 9 | D23: Septembre | J23: 41656 | K23: 17 | L23: =MONTH(J23) -> 1 | M23: =+VLOOKUP(L23,$C$15:$D$26,2,FALSE) -> Janvier
C24: 10 | D24: Octobre | J24: 41657 | K24: 18 | L24: =MONTH(J24) -> 1 | M24: =+VLOOKUP(L24,$C$15:$D$26,2,FALSE) -> Janvier
C25: 11 | D25: Novémbre | J25: 41658 | K25: 19 | L25: =MONTH(J25) -> 1 | M25: =+VLOOKUP(L25,$C$15:$D$26,2,FALSE) -> Janvier
C26: 12 | D26: Décembre | J26: 41659 | K26: 20 | L26: =MONTH(J26) -> 1 | M26: =+VLOOKUP(L26,$C$15:$D$26,2,FALSE) -> Janvier
J27: 41660 | K27: 21 | L27: =MONTH(J27) -> 1 | M27: =+VLOOKUP(L27,$C$15:$D$26,2,FALSE) -> Janvier
J28: 41661 | K28: 22 | L28: =MONTH(J28) -> 1 | M28: =+VLOOKUP(L28,$C$15:$D$26,2,FALSE) -> Janvier
J29: 41662 | K29: 23 | L29: =MONTH(J29) -> 1 | M29: =+VLOOKUP(L29,$C$15:$D$26,2,FALSE) -> Janvier
J30: 41663 | K30: 24 | L30: =MONTH(J30) -> 1 | M30: =+VLOOKUP(L30,$C$15:$D$26,2,FALSE) -> Janvier
J31: 41664 | K31: 25 | L31: =MONTH(J31) -> 1 | M31: =+VLOOKUP(L31,$C$15:$D$26,2,FALSE) -> Janvier
J32: 41665 | K32: 26 | L32: =MONTH(J32) -> 1 | M32: =+VLOOKUP(L32,$C$15:$D$26,2,FALSE) -> Janvier
J33: 41666 | K33: 27 | L33: =MONTH(J33) -> 1 | M33: =+VLOOKUP(L33,$C$15:$D$26,2,FALSE) -> Janvier
J34: 41667 | K34: 28 | L34: =MONTH(J34) -> 1 | M34: =+VLOOKUP(L34,$C$15:$D$26,2,FALSE) -> Janvier
J35: 41668 | K35: 29 | L35: =MONTH(J35) -> 1 | M35: =+VLOOKUP(L35,$C$15:$D$26,2,FALSE) -> Janvier
J36: 41669 | K36: 30 | L36: =MONTH(J36) -> 1 | M36: =+VLOOKUP(L36,$C$15:$D$26,2,FALSE) -> Janvier
J37: 41670 | K37: 31 | L37: =MONTH(J37) -> 1 | M37: =+VLOOKUP(L37,$C$15:$D$26,2,FALSE) -> Janvier
J38: 41671 | K38: 1 | L38: =MONTH(J38) -> 2 | M38: =+VLOOKUP(L38,$C$15:$D$26,2,FALSE) -> Février
... J371: 42004 | K371: 31 | L371: =MONTH(J371) -> 12 | M371: =+VLOOKUP(L371,$C$15:$D$26,2,FALSE) -> Décembre

Sheet Suivi
L1: x
D3: 41640 | M3: =+IF(L1="X",B6-364,D3-365) -> 41276
D4: HEBERGEMENT | G4: RESTAURATION | M4: HEBERGEMENT | P4: RESTAURATION
B5: Mois | D5: RN | E5: PM | F5: CA | G5: Btq Gmde | H5: Petit déjeuner | I5: Bar | J5: CA | K5: =+M3 -> 41276 | M5: RN | N5: PM | O5: CA | P5: Btq Gmde | Q5: Petit déjeuner | R5: Bar | S5: CA
A6: Janvier | B6: =+D3 -> 41640 | C6: =B6 -> 41640 | K6: =+L6 -> 41276 | L6: =+M3 -> 41276
B7: =+B6+1 -> 41641 | C7: =B7 -> 41641 | K7: =+L7 -> 41277 | L7: =+L6+1 -> 41277
B8: =+B7+1 -> 41642 | C8: =B8 -> 41642 | K8: =+L8 -> 41278 | L8: =+L7+1 -> 41278
B9: =+B8+1 -> 41643 | C9: =B9 -> 41643 | K9: =+L9 -> 41279 | L9: =+L8+1 -> 41279
B10: =+B9+1 -> 41644 | C10: =B10 -> 41644 | K10: =+L10 -> 41280 | L10: =+L9+1 -> 41280
B11: =+B10+1 -> 41645 | C11: =B11 -> 41645 | K11: =+L11 -> 41281 | L11: =+L10+1 -> 41281
B12: =+B11+1 -> 41646 | C12: =B12 -> 41646 | K12: =+L12 -> 41282 | L12: =+L11+1 -> 41282
B13: =+B12+1 -> 41647 | C13: =B13 -> 41647 | K13: =+L13 -> 41283 | L13: =+L12+1 -> 41283
B14: =+B13+1 -> 41648 | C14: =B14 -> 41648 | K14: =+L14 -> 41284 | L14: =+L13+1 -> 41284
B15: =+B14+1 -> 41649 | C15: =B15 -> 41649 | K15: =+L15 -> 41285 | L15: =+L14+1 -> 41285
B16: =+B15+1 -> 41650 | C16: =B16 -> 41650 | K16: =+L16 -> 41286 | L16: =+L15+1 -> 41286
B17: =+B16+1 -> 41651 | C17: =B17 -> 41651 | K17: =+L17 -> 41287 | L17: =+L16+1 -> 41287
B18: =+B17+1 -> 41652 | C18: =B18 -> 41652 | K18: =+L18 -> 41288 | L18: =+L17+1 -> 41288
... B36: =+B35+1 -> 41670 | C36: =B36 -> 41670 | K36: =+L36 -> 41306 | L36: =+L35+1 -> 41306
A37: Février | B37: =+B36+1 -> 41671 | C37: =B37 -> 41671 | K37: =+L37 -> 41307 | L37: =+L36+1 -> 41307
B38: =+B37+1 -> 41672 | C38: =B38 -> 41672 | K38: =+L38 -> 41308 | L38: =+L37+1 -> 41308
B39: =+B38+1 -> 41673 | C39: =B39 -> 41673 | K39: =+L39 -> 41309 | L39: =+L38+1 -> 41309
B40: =+B39+1 -> 41674 | C40: =B40 -> 41674 | K40: =+L40 -> 41310 | L40: =+L39+1 -> 41310
B41: =+B40+1 -> 41675 | C41: =B41 -> 41675 | K41: =+L41 -> 41311 | L41: =+L40+1 -> 41311
B42: =+B41+1 -> 41676 | C42: =B42 -> 41676 | K42: =+L42 -> 41312 | L42: =+L41+1 -> 41312
B43: =+B42+1 -> 41677 | C43: =B43 -> 41677 | K43: =+L43 -> 41313 | L43: =+L42+1 -> 41313
B44: =+B43+1 -> 41678 | C44: =B44 -> 41678 | K44: =+L44 -> 41314 | L44: =+L43+1 -> 41314
B45: =+B44+1 -> 41679 | C45: =B45 -> 41679 | K45: =+L45 -> 41315 | L45: =+L44+1 -> 41315
B46: =+B45+1 -> 41680 | C46: =B46 -> 41680 | K46: =+L46 -> 41316 | L46: =+L45+1 -> 41316
B47: =+B46+1 -> 41681 | C47: =B47 -> 41681 | K47: =+L47 -> 41317 | L47: =+L46+1 -> 41317
B48: =+B47+1 -> 41682 | C48: =B48 -> 41682 | K48: =+L48 -> 41318 | L48: =+L47+1 -> 41318
B49: =+B48+1 -> 41683 | C49: =B49 -> 41683 | K49: =+L49 -> 41319 | L49: =+L48+1 -> 41319
... B64: =+B63+1 -> 41698 | C64: =B64 -> 41698 | K64: =+L64 -> 41334 | L64: =+L63+1 -> 41334
A65: Mars | B65: =+B64+1 -> 41699 | C65: =B65 -> 41699 | K65: =+L65 -> 41335 | L65: =+L64+1 -> 41335
B66: =+B65+1 -> 41700 | C66: =B66 -> 41700 | K66: =+L66 -> 41336 | L66: =+L65+1 -> 41336
B67: =+B66+1 -> 41701 | C67: =B67 -> 41701 | K67: =+L67 -> 41337 | L67: =+L66+1 -> 41337
B68: =+B67+1 -> 41702 | C68: =B68 -> 41702 | K68: =+L68 -> 41338 | L68: =+L67+1 -> 41338
B69: =+B68+1 -> 41703 | C69: =B69 -> 41703 | K69: =+L69 -> 41339 | L69: =+L68+1 -> 41339
B70: =+B69+1 -> 41704 | C70: =B70 -> 41704 | K70: =+L70 -> 41340 | L70: =+L69+1 -> 41340
B71: =+B70+1 -> 41705 | C71: =B71 -> 41705 | K71: =+L71 -> 41341 | L71: =+L70+1 -> 41341
B72: =+B71+1 -> 41706 | C72: =B72 -> 41706 | K72: =+L72 -> 41342 | L72: =+L71+1 -> 41342
B73: =+B72+1 -> 41707 | C73: =B73 -> 41707 | K73: =+L73 -> 41343 | L73: =+L72+1 -> 41343
B74: =+B73+1 -> 41708 | C74: =B74 -> 41708 | K74: =+L74 -> 41344 | L74: =+L73+1 -> 41344
B75: =+B74+1 -> 41709 | C75: =B75 -> 41709 | K75: =+L75 -> 41345 | L75: =+L74+1 -> 41345
B76: =+B75+1 -> 41710 | C76: =B76 -> 41710 | K76: =+L76 -> 41346 | L76: =+L75+1 -> 41346
B77: =+B76+1 -> 41711 | C77: =B77 -> 41711 | K77: =+L77 -> 41347 | L77: =+L76+1 -> 41347
... B95: =+B94+1 -> 41729 | C95: =B95 -> 41729 | K95: =+L95 -> 41365 | L95: =+L94+1 -> 41365
A96: Avril | B96: =+B95+1 -> 41730 | C96: =B96 -> 41730 | K96: =+L96 -> 41366 | L96: =+L95+1 -> 41366
B97: =+B96+1 -> 41731 | C97: =B97 -> 41731 | K97: =+L97 -> 41367 | L97: =+L96+1 -> 41367
B98: =+B97+1 -> 41732 | C98: =B98 -> 41732 | K98: =+L98 -> 41368 | L98: =+L97+1 -> 41368
B99: =+B98+1 -> 41733 | C99: =B99 -> 41733 | K99: =+L99 -> 41369 | L99: =+L98+1 -> 41369
B100: =+B99+1 -> 41734 | C100: =B100 -> 41734 | K100: =+L100 -> 41370 | L100: =+L99+1 -> 41370
B101: =+B100+1 -> 41735 | C101: =B101 -> 41735 | K101: =+L101 -> 41371 | L101: =+L100+1 -> 41371
B102: =+B101+1 -> 41736 | C102: =B102 -> 41736 | K102: =+L102 -> 41372 | L102: =+L101+1 -> 41372
B103: =+B102+1 -> 41737 | C103: =B103 -> 41737 | K103: =+L103 -> 41373 | L103: =+L102+1 -> 41373
B104: =+B103+1 -> 41738 | C104: =B104 -> 41738 | K104: =+L104 -> 41374 | L104: =+L103+1 -> 41374
B105: =+B104+1 -> 41739 | C105: =B105 -> 41739 | K105: =+L105 -> 41375 | L105: =+L104+1 -> 41375
B106: =+B105+1 -> 41740 | C106: =B106 -> 41740 | K106: =+L106 -> 41376 | L106: =+L105+1 -> 41376
B107: =+B106+1 -> 41741 | C107: =B107 -> 41741 | K107: =+L107 -> 41377 | L107: =+L106+1 -> 41377
B108: =+B107+1 -> 41742 | C108: =B108 -> 41742 | K108: =+L108 -> 41378 | L108: =+L107+1 -> 41378
... B125: =+B124+1 -> 41759 | C125: =B125 -> 41759 | K125: =+L125 -> 41395 | L125: =+L124+1 -> 41395
A126: Mai | B126: =+B125+1 -> 41760 | C126: =B126 -> 41760 | K126: =+L126 -> 41396 | L126: =+L125+1 -> 41396
B127: =+B126+1 -> 41761 | C127: =B127 -> 41761 | K127: =+L127 -> 41397 | L127: =+L126+1 -> 41397
B128: =+B127+1 -> 41762 | C128: =B128 -> 41762 | K128: =+L128 -> 41398 | L128: =+L127+1 -> 41398
B129: =+B128+1 -> 41763 | C129: =B129 -> 41763 | K129: =+L129 -> 41399 | L129: =+L128+1 -> 41399
B130: =+B129+1 -> 41764 | C130: =B130 -> 41764 | K130: =+L130 -> 41400 | L130: =+L129+1 -> 41400
B131: =+B130+1 -> 41765 | C131: =B131 -> 41765 | K131: =+L131 -> 41401 | L131: =+L130+1 -> 41401
B132: =+B131+1 -> 41766 | C132: =B132 -> 41766 | K132: =+L132 -> 41402 | L132: =+L131+1 -> 41402
B133: =+B132+1 -> 41767 | C133: =B133 -> 41767 | K133: =+L133 -> 41403 | L133: =+L132+1 -> 41403
B134: =+B133+1 -> 41768 | C134: =B134 -> 41768 | K134: =+L134 -> 41404 | L134: =+L133+1 -> 41404
B135: =+B134+1 -> 41769 | C135: =B135 -> 41769 | K135: =+L135 -> 41405 | L135: =+L134+1 -> 41405
B136: =+B135+1 -> 41770 | C136: =B136 -> 41770 | K136: =+L136 -> 41406 | L136: =+L135+1 -> 41406
B137: =+B136+1 -> 41771 | C137: =B137 -> 41771 | K137: =+L137 -> 41407 | L137: =+L136+1 -> 41407
B138: =+B137+1 -> 41772 | C138: =B138 -> 41772 | K138: =+L138 -> 41408 | L138: =+L137+1 -> 41408
... B156: =+B155+1 -> 41790 | C156: =B156 -> 41790 | K156: =+L156 -> 41426 | L156: =+L155+1 -> 41426
A157: Juin | B157: =+B156+1 -> 41791 | C157: =B157 -> 41791 | K157: =+L157 -> 41427 | L157: =+L156+1 -> 41427
B158: =+B157+1 -> 41792 | C158: =B158 -> 41792 | K158: =+L158 -> 41428 | L158: =+L157+1 -> 41428
B159: =+B158+1 -> 41793 | C159: =B159 -> 41793 | K159: =+L159 -> 41429 | L159: =+L158+1 -> 41429
B160: =+B159+1 -> 41794 | C160: =B160 -> 41794 | K160: =+L160 -> 41430 | L160: =+L159+1 -> 41430
B161: =+B160+1 -> 41795 | C161: =B161 -> 41795 | K161: =+L161 -> 41431 | L161: =+L160+1 -> 41431
B162: =+B161+1 -> 41796 | C162: =B162 -> 41796 | K162: =+L162 -> 41432 | L162: =+L161+1 -> 41432
B163: =+B162+1 -> 41797 | C163: =B163 -> 41797 | K163: =+L163 -> 41433 | L163: =+L162+1 -> 41433
B164: =+B163+1 -> 41798 | C164: =B164 -> 41798 | K164: =+L164 -> 41434 | L164: =+L163+1 -> 41434
B165: =+B164+1 -> 41799 | C165: =B165 -> 41799 | K165: =+L165 -> 41435 | L165: =+L164+1 -> 41435
B166: =+B165+1 -> 41800 | C166: =B166 -> 41800 | K166: =+L166 -> 41436 | L166: =+L165+1 -> 41436
B167: =+B166+1 -> 41801 | C167: =B167 -> 41801 | K167: =+L167 -> 41437 | L167: =+L166+1 -> 41437
B168: =+B167+1 -> 41802 | C168: =B168 -> 41802 | K168: =+L168 -> 41438 | L168: =+L167+1 -> 41438
B169: =+B168+1 -> 41803 | C169: =B169 -> 41803 | K169: =+L169 -> 41439 | L169: =+L168+1 -> 41439
... B186: =+B185+1 -> 41820 | C186: =B186 -> 41820 | K186: =+L186 -> 41456 | L186: =+L185+1 -> 41456
A187: Juillet | B187: =+B186+1 -> 41821 | C187: =B187 -> 41821 | K187: =+L187 -> 41457 | L187: =+L186+1 -> 41457
B188: =+B187+1 -> 41822 | C188: =B188 -> 41822 | K188: =+L188 -> 41458 | L188: =+L187+1 -> 41458
B189: =+B188+1 -> 41823 | C189: =B189 -> 41823 | K189: =+L189 -> 41459 | L189: =+L188+1 -> 41459
B190: =+B189+1 -> 41824 | C190: =B190 -> 41824 | K190: =+L190 -> 41460 | L190: =+L189+1 -> 41460
B191: =+B190+1 -> 41825 | C191: =B191 -> 41825 | K191: =+L191 -> 41461 | L191: =+L190+1 -> 41461
B192: =+B191+1 -> 41826 | C192: =B192 -> 41826 | K192: =+L192 -> 41462 | L192: =+L191+1 -> 41462
B193: =+B192+1 -> 41827 | C193: =B193 -> 41827 | K193: =+L193 -> 41463 | L193: =+L192+1 -> 41463
B194: =+B193+1 -> 41828 | C194: =B194 -> 41828 | K194: =+L194 -> 41464 | L194: =+L193+1 -> 41464
B195: =+B194+1 -> 41829 | C195: =B195 -> 41829 | K195: =+L195 -> 41465 | L195: =+L194+1 -> 41465
B196: =+B195+1 -> 41830 | C196: =B196 -> 41830 | K196: =+L196 -> 41466 | L196: =+L195+1 -> 41466
B197: =+B196+1 -> 41831 | C197: =B197 -> 41831 | K197: =+L197 -> 41467 | L197: =+L196+1 -> 41467
B198: =+B197+1 -> 41832 | C198: =B198 -> 41832 | K198: =+L198 -> 41468 | L198: =+L197+1 -> 41468
...
